 Dungeon Crawl Stone Soup version bcrawl-1.12-10-g10a67aac0f (webtiles) character file.

Game seed: 1975952156411414212

10455 MisterOstroum the Grappler (level 11, -9/103 HPs)
             Began as a Troll Chaos Knight on June 11, 2019.
             Was a Plaything of Xom.
             Mangled by a ghost moth (12 damage)
             ... on level 2 of the Lair of Beasts.
             The game lasted 00:19:46 (7448 turns).

MisterOstroum the Grappler (Troll Chaos Knight)     Turns: 7448, Time: 00:19:47

Health: -9/103     AC: 21    Str: 19 (22) XL:     11   Next: 36%
Magic:  0/10       EV:  7    Int:  7 (8)  God:    Xom [...*..]
Gold:   627        SH: 18    Dex:  6 (10) Spells: 10/10 levels left

rFire    . . .     SeeInvis .     - Unarmed
rCold    . . .     Gourm    +   B - +4 large shield
rNeg     + . .     Faith    +   (armour unavailable)
rPois    +         Spirit   .   w - +2 hat
rElec    .         Reflect  .   C - +2 ratskin cloak {+Rats rPois rN+ Str-1 Int-1 Dex+1}
rCorr    .         Harm     .   (gloves unavailable)
MR       ++...                  (boots unavailable)
Stlth    +.........             A - amulet of faith
HPRegen  0.67/turn              p - ring of protection from magic
MPRegen  0.12/turn              m - +6 ring of protection

@: no status effects
A: large, almost no armour, unfitting armour, claws 3, blurry vision 1,
deterioration 1, fast metabolism 3, frail 1, gourmand, magic resistance 1,
regeneration 1, shaggy fur 1, weak 1, AC +9
a: Renounce Religion, Evoke Ratskin


You were on level 2 of the Lair of Beasts.
You worshipped Xom.
You were a favourite toy of Xom.
You were completely stuffed.

You visited 2 branches of the dungeon, and saw 10 of its levels.
You also visited: Gauntlet.

You collected 627 gold pieces.

Inventory:

Hand Weapons
 a - a +1 mace of chaos
 x - a +2 giant spiked club
 H - a +3 spear
Missiles
 d - 2017 stones
 f - a throwing net (quivered) {!f!f}
 N - 251 javelins
Armour
 w - a +2 hat (worn)
 B - a +4 large shield (worn)
 C - the +2 ratskin cloak (worn) {+Rats rPois rN+ Str-1 Int-1 Dex+1}
   (You found it on level 5 of the Dungeon)

   It affects your strength (-1).
   It affects your intelligence (-1).
   It affects your dexterity (+1).
   It protects you from poison.
   It protects you from negative energy.
Magical Staves
 L - an uncursed staff of poison
Jewellery
 l - an uncursed ring of insulation
 m - a +6 ring of protection (right claw)
 p - a ring of protection from magic (left claw)
 u - an uncursed ring of protection from cold
 A - an amulet of faith (around neck)
 J - a +5 amulet of reflection
 K - the amulet of the Last Runes {*Slow +Rage Dex+3}
   (Xom gifted it to you on level 1 of the Lair of Beasts)

   [amulet of rage]

   It affects your dexterity (+3).
   It lets you go berserk.
   It may slow you when you take damage.
Wands
 h - a wand of disintegration (1)
 n - a wand of paralysis (18)
 r - a wand of acid (7)
Scrolls
 i - 2 scrolls of fog {!r}
 j - 5 scrolls of teleportation {@r3 !r}
 q - a scroll of immolation
 s - 6 scrolls of identify {@r1}
 y - a scroll of blinking {unknown}
 E - 4 scrolls of remove curse {@r2}
 G - a scroll of fear {!r}
 P - 3 scrolls of magic mapping {unknown}
Potions
 b - a potion of heal wounds {unknown}
 c - a potion of brilliance
 g - a potion of haste {unknown}
 k - a potion of degeneration {unknown}
 o - 2 potions of flight {unknown}
 t - 5 potions of lignification {unknown}
 v - a potion of experience {unknown}
 z - 2 potions of curing
 D - a potion of agility {unknown}
 F - a potion of might {unknown}
Miscellaneous
 I - a fan of gales
 O - a sack of spiders
 Q - a phantom mirror
Comestibles
 e - 27 rations {!d}


   Skills:
 + Level 9.2 Fighting
 - Level 3.0 Maces & Flails
 - Level 5.2 Dodging
 + Level 6.0 Shields
 + Level 10.3 Unarmed Combat


You had 10 spell levels left.
You didn't know any spells.
Your spell library contained the following spells:

 Spells                   Type           Power        Failure   Level  Hunger
 Animate Skeleton         Necr           N/A          97%         1    ##.....
 Beastly Appendage        Tmut           #.....       97%         1    ##.....
 Magic Dart               Conj           #...         97%         1    ##.....
 Pain                     Necr           #...         97%         1    ##.....
 Sandblast                Erth           #.....       97%         1    ##.....
 Slow                     Hex            #.......     97%         1    ##.....
 Blink                    Tloc           N/A          99%         2    ###....
 Call Imp                 Summ           #.......     99%         2    ###....
 Passwall                 Tmut/Erth      #.......     99%         2    ###....
 Sticks to Snakes         Tmut           #.......     99%         2    ###....
 Confuse                  Hex            #.......     100%        3    ####...
 Conjure Flame            Conj/Fire      #.......     100%        3    ####...
 Dazzling Spray           Conj/Hex       #.....       100%        3    ####...
 Mephitic Cloud           Conj/Pois/Air  #.......     100%        3    ####...
 Regeneration             Chrm/Necr      #.........   100%        3    ####...
 Spider Form              Tmut/Pois      #.........   100%        3    ####...
 Stone Arrow              Conj/Erth      #.....       100%        3    ####...
 Vampiric Draining        Necr           #.........   100%        3    ####...
 Animate Dead             Necr           N/A          100%        4    #####..
 Ice Form                 Ice/Tmut       #.......     100%        4    #####..
 Petrify                  Tmut/Erth      #.......     100%        4    #####..
 Yara's Violent Unravell  Hex/Tmut       #.........   100%        4    #####..
 Blade Hands              Tmut           #.........   100%        5    ######.
 Bolt of Draining         Conj/Necr      #.........   100%        5    ######.
 Lee's Rapid Deconstruct  Erth           #.........   100%        5    ######.
 Metabolic Englaciation   Hex/Ice        #.........   100%        5    ######.


Dungeon Overview and Level Annotations

Branches:
Dungeon (8/12)             Temple (0/1) D:5            Lair (2/6) D:7
  Swamp: Lair:2-4    Shoals: Lair:2-4     Snake: Lair:2-4    Spider: Lair:2-4
    Orc: D:8-11

Altars:
Cheibriados
Elyvilon
Fedhas
Kikubaaqudgha
Lugonu
Nemelex Xobeh
Ru
Xom
Yredelemnul
Zin

Shops:
D:6 (%


Innate Abilities, Weirdness & Mutations

You cannot wear most types of armour.
Your thick skin is tough. (AC +9)
You are too large for most types of armour.
You have claws for hands.
Your metabolism is lightning-fast.
You like to eat raw meat.
Your natural rate of healing is unusually fast.
Scrolls take you a little longer to read.
Your body sometimes deteriorates upon taking damage.
You are frail. (-10% HP)
You are resistant to hostile enchantments. (MR+)
You are covered in fur. (AC +1)
You are weak. (Str -2)


Message History

Something hits you but does no damage. Something hits you.
Something stings you but does no damage.
You closely miss something. You scratch something but do no damage.
You block something's attack. Something hits you!
Something stings you but does no damage.
You claw something!
You feel you are being watched by something.
You feel your power leaking away. You block something's attack.
Something hits you but does no damage. Something stings you!
You miss something.
You feel you are being watched by something.
You feel your power leaking away. Something hits you!
You feel clumsy. Something hits you but does no damage. Something stings you!
You feel you are being watched by something.
Something hits you but does no damage. x2
Something stings you but does no damage.
You barely miss something.
Something hits you but does no damage. x2
Something stings you but does no damage.
Your shield prevents you from hitting something.
Something hits you but does no damage. x2; You block something's attack.
You claw something!
You feel you are being watched by something.
Something hits you but does no damage. x2
Something stings you but does no damage.
You miss something.
You feel you are being watched by something.
Something hits you.
You feel dopey. You block something's attack.
Something stings you but does no damage.
You miss something. Something hits you but does no damage. Something hits you.
Something stings you but does no damage.
You claw something! Something hits you. You block something's attack.
Something stings you but does no damage.
You miss something.
You feel you are being watched by something.
You feel your power leaking away. Something hits you!
You feel weakened. Something hits you but does no damage. Something stings you!
You claw something!
Something hits you but does no damage. x2
Something stings you.
You miss something.
You feel you are being watched by something.
Something hits you.
You feel clumsy. Something hits you but does no damage.
Something stings you but does no damage.
You feel you are being watched by something.
Something hits you!
You feel weakened. Something hits you but does no damage. Something stings you.
* * * LOW HITPOINT WARNING * * *
You miss something.
You feel you are being watched by something.
Something completely misses you. Something hits you but does no damage.
Something stings you but does no damage.
You miss something.
You feel you are being watched by something.
Something hits you but does no damage. x2; Something stings you.
* * * LOW HITPOINT WARNING * * *
You scratch something. Something hits you!
* * * LOW HITPOINT WARNING * * *
You block something's attack.
Something stings you but does no damage.
You scratch something. Something hits you.
* * * LOW HITPOINT WARNING * * *
You feel clumsy. You block something's attack.
Something stings you but does no damage.
You barely miss something. Something hits you but does no damage.
Something hits you.
* * * LOW HITPOINT WARNING * * *
You feel clumsy.
Something stings you but does no damage.
You claw something!
Something hits you but does no damage. x2
Something stings you.
* * * LOW HITPOINT WARNING * * *
You barely miss something.
You feel you are being watched by something.
You feel your power leaking away. Something hits you but does no damage.
Something hits you.
* * * LOW HITPOINT WARNING * * *
Something stings you but does no damage.
All of the chunks of flesh in your inventory have rotted away.
You barely miss something.
You feel you are being watched by something.
Something hits you but does no damage. x2
Something stings you but does no damage.
You closely miss something.
Something hits you but does no damage. x2
Something stings you!
* * * LOW HITPOINT WARNING * * *
You claw something!
You feel you are being watched by something.
Something hits you!
You die...

.#....##...###....+....
......'....#P#.....#
.#....P.#....+∩...P# .
.#....##)#.#P......###.+
.......###.###..........
#.....###.+.............
...............>........
................{.......
................@.......
..................####..
...÷...#.#.###.....# #
.......###+##......#
.......# #.....+.
.......# ##.....##
.......+ !....# #......#
##..... P......#


There were no monsters in sight!

Vanquished Creatures
  A minotaur (Gauntlet)
  A dire elephant (Gauntlet)
  3 death yaks (D:7)
  3 elephants (Gauntlet)
  2 cane toads (Lair:1)
  A minotaur zombie (Gauntlet)
  A komodo dragon (Lair:1)
  A rime drake (Lair:1)
  3 slime creatures (Gauntlet)
  3 hippogriffs
  4 flying skulls (Gauntlet)
  A water moccasin (D:7)
  5 porcupines
  3 sky beasts
  A phantom (D:4)
  4 ogres
  5 crocodiles
  2 bullfrogs (D:7)
  2 wights (D:7)
  A crimson imp (D:7)
  3 hounds
  2 centaur skeletons
  3 jellies
  An orc priest (D:2)
  2 orc wizards
  2 iguanas
  2 hell rats
  4 worker ants
  A worker ant zombie (D:5)
  9 adders
  6 river rats (D:5)
  An adder skeleton (D:7)
  2 worms
  A dart slug (D:1)
  2 leopard geckos (D:1)
  14 orcs
  3 giant cockroaches
  4 goblins
  5 hobgoblins
  8 jackals
  7 kobolds
  3 quokkas
  5 bats
  3 frilled lizards
  20 rats
160 creatures vanquished.

Vanquished Creatures (collateral kills)
  A porcupine (D:7)
  A sky beast (D:7)
  An orc warrior (D:7)
  An ogre (D:7)
  2 wights (D:7)
  An orc priest (D:7)
  An orc wizard (D:7)
  A worker ant zombie (D:7)
  An adder zombie (D:7)
  5 orcs (D:7)
  2 quokkas (D:7)
  A rat (D:7)
18 creatures vanquished.

Vanquished Creatures (others)
  A cane toad (Lair:1)
  2 crocodiles (Lair:1)
  2 fungi (Lair:1)
5 creatures vanquished.

Grand Total: 183 creatures vanquished

Notes
Turn   | Place    | Note
-------+----------+-------------------------------------------
     0 | D:1      | MisterOstroum the Troll Chaos Knight began the quest for
                  | the Orb.
     0 | D:1      | Reached XP level 1. HP: 22/22 MP: 0/0
    86 | D:1      | Found a shimmering altar of Xom.
    95 | D:1      | XOM: cast spell 'Summon Small Mammal'
   246 | D:1      | XOM: divination: magic mapping
   249 | D:1      | Reached skill level 1 in Unarmed Combat
   379 | D:1      | Reached XP level 2. HP: 29/29 MP: 1/1
  1083 | D:1      | Reached XP level 3. HP: 36/37 MP: 2/2
  1395 | D:1      | XOM is BORED!
  1395 | D:1      | XOM: harmless Hex miscast
  1476 | D:2      | XOM: harmless Tloc miscast
  1538 | D:2      | Reached skill level 2 in Unarmed Combat
  1542 | D:2      | Gained mutation: Your natural rate of healing is unusually
                  | fast. [Troll growth]
  1542 | D:2      | Reached XP level 4. HP: 41/45 MP: 3/3
  1542 | D:2      | XOM: harmless Air miscast
  1574 | D:2      | Found a sparkling altar of Nemelex Xobeh.
  1640 | D:2      | XOM: confuse monster(s)
  1860 | D:3      | XOM: enchant monster (bad)
  2068 | D:3      | XOM: noise
  2069 | D:3      | Reached skill level 3 in Unarmed Combat
  2079 | D:3      | Reached XP level 5. HP: 54/54 MP: 4/4
  2170 | D:3      | XOM is BORED!
  2218 | D:3      | XOM: noise
  2417 | D:3      | XOM: summons 2 hostile demons
  2486 | D:3      | Found a basalt altar of Yredelemnul.
  2811 | D:4      | Noticed a phantom
  2818 | D:4      | Killed a phantom
  2818 | D:4      | Reached skill level 4 in Unarmed Combat
  2818 | D:4      | Reached XP level 6. HP: 63/63 MP: 5/5
  2823 | D:4      | Noticed a sky beast
  2846 | D:4      | Killed a sky beast
  3074 | D:4      | Reached skill level 5 in Fighting
  3074 | D:4      | Reached skill level 5 in Unarmed Combat
  3074 | D:4      | Reached XP level 7. HP: 72/72 MP: 6/6
  3247 | D:4      | XOM: smoke on damage
  3319 | D:5      | Entered Level 5 of the Dungeon
  3328 | D:5      | Found a sacrificial altar of Ru.
  3369 | D:5      | Found a staircase to the Ecumenical Temple.
  3411 | D:5      | XOM: scenery: create altars
  3591 | D:5      | Found a glowing silver altar of Zin.
  3711 | D:5      | Found the +2 ratskin cloak {+Rats rPois rN+ Str-1 Int-1
                  | Dex+1}
  3845 | D:5      | Found a blossoming altar of Fedhas.
  3847 | D:5      | Found an ancient bone altar of Kikubaaqudgha.
  4223 | D:6      | Reached XP level 8. HP: 79/83 MP: 7/7
  4320 | D:6      | XOM: scenery: create altars
  4326 | D:6      | XOM: 2-stop teleportation journey
  4333 | D:6      | Reached skill level 1 in Shields
  4333 | D:6      | Reached skill level 6 in Unarmed Combat
  4363 | D:6      | Found a corrupted altar of Lugonu.
  4370 | D:6      | Found Tayhajoj's Food Shoppe.
  4419 | D:6      | Found Hucapluxe's Antique Weapon Boutique.
  4425 | D:6      | XOM: summons friendly shadow imp
  4454 | D:6      | Noticed a hippogriff
  4461 | D:6      | Killed a hippogriff
  4592 | D:6      | XOM: god gift: sack of spiders
  4671 | D:6      | XOM: give mutation
  4671 | D:6      | Gained mutation: You are frail. (-10% HP) [Xom's mischief]
  4980 | D:7      | Found a sacrificial altar of Ru.
  5062 | D:7      | XOM: blink monster(s)
  5063 | D:7      | XOM: give mutations
  5063 | D:7      | Gained mutation: Scrolls take you a little longer to read.
                  | [Xom's mischief]
  5063 | D:7      | Gained mutation: You are weak. (Str -2) [Xom's mischief]
  5063 | D:7      | Gained mutation: Your body sometimes deteriorates upon
                  | taking damage. [Xom's mischief]
  5065 | D:7      | XOM: repel stairs
  5073 | D:7      | XOM: fog
  5077 | D:7      | XOM: scenery: create altars
  5136 | D:7      | Reached XP level 9. HP: 82/82 MP: 8/8
  5167 | D:7      | XOM: god gift: ration
  5190 | D:7      | Noticed a death yak
  5192 | D:7      | Reached skill level 7 in Unarmed Combat
  5194 | D:7      | Noticed a death yak
  5194 | D:7      | Noticed a death yak
  5200 | D:7      | Killed a death yak
  5203 | D:7      | Killed a death yak
  5207 | D:7      | Killed a death yak
  5207 | D:7      | Reached skill level 5 in Dodging
  5221 | D:7      | XOM: god gift: brown potion {god gift}
  5234 | D:7      | Reached skill level 8 in Unarmed Combat
  5240 | D:7      | Found a staircase to the Lair.
  5334 | D:7      | XOM: enchant monster (good)
  5471 | D:7      | XOM: scenery: create altars
  5508 | D:8      | Found a white marble altar of Elyvilon.
  5508 | D:8      | Found a snail-covered altar of Cheibriados.
  5614 | Lair:1   | Entered Level 1 of the Lair of Beasts
  5628 | Lair:1   | Reached XP level 10. HP: 91/91 MP: 9/9
  5656 | Lair:1   | Noticed a cane toad
  5668 | Lair:1   | Killed a cane toad
  5695 | Lair:1   | XOM: god gift: vibrating platinum amulet {god gift}
  5696 | Lair:1   | Got a vibrating platinum amulet {god gift}
  5700 | Lair:1   | Identified the amulet of the Last Runes {*Slow +Rage Dex+3}
                  | (Xom gifted it to you on level 1 of the Lair of Beasts)
  5739 | Lair:1   | Noticed a cane toad
  5742 | Lair:1   | Noticed an eight-headed hydra
  5753 | Lair:1   | XOM: enchant monster (good)
  5757 | Lair:1   | XOM: summons friendly neqoxec
  5780 | Lair:1   | XOM: divine lightning
  5840 | Lair:1   | XOM: god gift: short glowing staff {god gift}
  5868 | Lair:1   | XOM: divine lightning
  5870 | Lair:1   | XOM: cleaving
  5891 | Lair:1   | XOM: cleaving
  5895 | Lair:1   | Reached skill level 9 in Unarmed Combat
  5934 | Lair:1   | XOM: give mutations
  5934 | Lair:1   | Gained mutation: You are resistant to hostile enchantments.
                  | (MR+) [Xom's grace]
  5934 | Lair:1   | Gained mutation: You are covered in fur. (AC +1) [Xom's
                  | grace]
  5945 | Lair:1   | Noticed a cane toad
  5947 | Lair:1   | XOM: fake destruction
  5953 | Lair:1   | Killed a cane toad
  6074 | Lair:1   | XOM: harmless Hex miscast
  6164 | Lair:1   | XOM: harmless Pois miscast
  6258 | Lair:1   | XOM: draining
  6312 | Lair:1   | XOM: enchant monster (good)
  6333 | Lair:1   | XOM: confusion
  6336 | Lair:1   | XOM: stat loss: -1 Int (7/8)
  6338 | Lair:1   | XOM: confusion (+ monsters)
  6342 | Lair:1   | XOM: confusion (+ monsters)
  6349 | Lair:1   | HP: 1/93 [eight-headed hydra (5)]
  6355 | Lair:1   | XOM: summons 1 hostile demon
  6366 | Lair:1   | XOM: medium Air miscast
  6381 | Lair:1   | XOM: fake destruction
  6384 | Lair:1   | XOM: blink monster(s)
  6582 | Lair:2   | XOM: swap monsters
  6758 | Lair:2   | Found a gate leading to a gauntlet.
  6758 | Lair:2   | Noticed a four-headed hydra
  6763 | Gauntlet | Entered a Gauntlet
  6763 | Gauntlet | Found a transporter.
  6773 | Gauntlet | Found a transporter.
  6788 | Gauntlet | Found a transporter.
  6793 | Gauntlet | Found a transporter.
  6806 | Gauntlet | Noticed an elephant
  6807 | Gauntlet | Noticed a dire elephant
  6809 | Gauntlet | Noticed an elephant
  6810 | Gauntlet | Found a transporter.
  6810 | Gauntlet | Noticed an elephant
  6825 | Gauntlet | Noticed a red ugly thing
  6827 | Gauntlet | Found a transporter.
  6827 | Gauntlet | Noticed a great orb of eyes
  6839 | Gauntlet | Found a transporter.
  6839 | Gauntlet | Noticed a balrug
  6851 | Gauntlet | Found a transporter.
  6851 | Gauntlet | Noticed a fire crab
  6874 | Gauntlet | Found a transporter.
  6895 | Gauntlet | Found a transporter.
  6899 | Gauntlet | Found a transporter.
  6918 | Gauntlet | Found a transporter.
  6924 | Gauntlet | Found a transporter.
  6939 | Gauntlet | Found a transporter.
  6941 | Gauntlet | Noticed a large abomination
  6956 | Gauntlet | Found a transporter.
  6976 | Gauntlet | Found a transporter.
  7003 | Gauntlet | Found a transporter.
  7028 | Gauntlet | XOM: enchant monster (good)
  7033 | Gauntlet | Reached skill level 5 in Shields
  7035 | Gauntlet | XOM: medium Tloc miscast
  7048 | Gauntlet | XOM: noise
  7072 | Gauntlet | Found a transporter.
  7196 | Gauntlet | Killed an elephant
  7196 | Gauntlet | Reached XP level 11. HP: 94/101 MP: 10/10
  7198 | Gauntlet | XOM: swap monsters
  7208 | Gauntlet | XOM: noise
  7213 | Gauntlet | XOM: potion effect (agility)
  7225 | Gauntlet | XOM: summons 2 friendly demons
  7226 | Gauntlet | XOM: divination: detect creatures
  7236 | Gauntlet | XOM: enchant monster (good)
  7246 | Gauntlet | Killed a dire elephant
  7246 | Gauntlet | Reached skill level 10 in Unarmed Combat
  7308 | Gauntlet | Noticed a minotaur
  7329 | Gauntlet | Killed a minotaur
  7423 | Lair:2   | a four-headed hydra changed into something unseen
  7423 | Lair:2   | XOM: polymorph four-headed hydra -> something unseen
  7447 | Lair:2   | HP: 3/103 [something (7)]
  7448 | Lair:2   | Mangled by a ghost moth

Skill      XL: |  1  2  3  4  5  6  7  8  9 10 11 |
---------------+----------------------------------+-----
Unarmed Combat | 1 2 3 4 5 6 8 9 10 | 10.3
Fighting       | 3 4 5 6 7 8 9 |  9.2
Dodging        | 3 4 5 |  5.2
Shields        | 2 3 5 6 |  6.0
Maces & Flails | |  3.0

Action                   |  1- 3 |  4- 6 |  7- 9 | 10-12 || total
-------------------------+-------+-------+-------+-------++-------
Melee: Unarmed           |   106 |   146 |   262 |   225 ||   739
       Mace              |     1 |       |       |     2 ||     3
       Punch             |       |     2 |     1 |       ||     3
Throw: Stone             |       |     1 |       |       ||     1
Evoke: Sack of spiders   |       |       |       |     3 ||     3
       Wand              |       |       |       |     2 ||     2
  Use: Scroll            |       |       |    11 |    10 ||    21
       Potion            |       |       |       |     3 ||     3
 Stab: Confused          |       |     1 |       |     2 ||     3
       Sleeping          |       |       |     2 |       ||     2
       Distracted        |       |       |     1 |       ||     1
       Paralysed         |       |       |     1 |       ||     1
       Petrifying        |       |       |       |     2 ||     2
       Petrified         |       |       |       |     7 ||     7
  Eat: Chunk             |    12 |    13 |    15 |    12 ||    52
Armor: Skin              |    44 |    73 |   110 |   158 ||   385
Dodge: Dodged            |    67 |    65 |    58 |    69 ||   259
Block: Large shield      |       |       |   122 |   168 ||   290
